 Dungeon Crawl Stone Soup version 0.20-a0-269-g17f5411 (webtiles) character file.

9942 FitzyFitz the Jinx (level 11, -12/65 HPs)
             Began as a Deep Elf Enchanter on Dec 8, 2016.
             Was a Priest of Cheibriados.
             Shot with a bolt by a yaktaur (14 damage)
             ... in a volcano.
             The game lasted 00:50:09 (10903 turns).

FitzyFitz the Jinx (Deep Elf Enchanter)            Turns: 10903, Time: 00:50:09

Health: -12/65     AC: 13    Str: 13    XL:     11   Next: 29%
Magic:  2/25       EV: 23    Int: 32    God:    Cheibriados [***...]
Gold:   393        SH:  0    Dex: 23    Spells: 4/27 levels left

rFire  . . .     SeeInvis .     b - +5 dagger (venom)
rCold  . . .     Gourm    .     O - +1 steam dragon scales
rNeg   . . .     Faith    .     (no shield)
rPois  .         Spirit   .     k - +2 helmet
rElec  .         Reflect  .     p - +0 cloak
rCorr  .         Harm     .     (no gloves)
MR     +....                    s - +2 pair of boots
Stlth  ++++......               (no amulet)
                                K - +4 ring of evasion
                                y - ring of flight

@: very slow
A: no striking features
a: Bend Time, Temporal Distortion, Renounce Religion, Evoke Flight


You were in a volcano.
You worshipped Cheibriados.
Cheibriados was most pleased with you.
You were hungry.

You visited 3 branches of the dungeon, and saw 10 of its levels.
You also visited: Volcano.

You collected 465 gold pieces.
You spent 72 gold pieces at shops.

Inventory:

Hand Weapons
 a - a +2 dagger of draining
 b - a +5 dagger of venom (weapon)
 w - a +0 longbow
 D - a cursed -3 dagger
 E - a +0 shortbow
Missiles
 r - 99 arrows
 t - 8 tomahawks
 v - 2 throwing nets (quivered)
Armour
 h - a +0 troll leather armour
 k - a +2 helmet (worn)
 p - a +0 cloak (worn)
 s - a +2 pair of boots (worn)
 O - +1 steam dragon scales (worn)
Jewellery
 y - a ring of flight (left hand)
 K - a +4 ring of evasion (right hand)
Wands
 i - a wand of iceblast (2/15)
 j - a wand of disintegration (8/24)
 H - a wand of confusion (17/48)
 N - a wand of flame (23/48)
Scrolls
 f - 2 scrolls of fog
 l - a scroll of remove curse
 m - 2 scrolls of teleportation
 o - a scroll of immolation
 q - a scroll of fear
 u - a scroll of amnesia
 x - 2 scrolls of noise
Potions
 A - 2 potions of degeneration {unknown}
 C - 2 potions of haste {unknown}
 F - a potion of magic {unknown}
 Q - a potion of flight
Books
 c - a book of Maledictions

   Spells                             Type                      Level
   a - Corona                         Hexes                        1
   b - Ensorcelled Hibernation        Hexes/Ice                    2
   c - Confuse                        Hexes                        3
   d - Tukima's Dance                 Hexes                        3
   e - Dazzling Spray                 Conjuration/Hexes            3
 e - a book of Flames

   Spells                             Type                      Level
   a - Flame Tongue                   Conjuration/Fire             1
   b - Throw Flame                    Conjuration/Fire             2
   c - Conjure Flame                  Conjuration/Fire             3
   d - Inner Flame                    Hexes/Fire                   3
   e - Sticky Flame                   Conjuration/Fire             4
   f - Fireball                       Conjuration/Fire             5
Comestibles
 d - 7 bread rations
 g - 3 meat rations
 I - 8 slices of pizza
 J - 15 fruits
 M - 2 beef jerkies


   Skills:
 + Level 6.3 Fighting
 - Level 5.1 Short Blades
 + Level 7.9 Dodging
 - Level 8.5 Stealth
 + Level 8.8 Spellcasting
 + Level 5.1 Conjurations
 - Level 10.4 Hexes
 + Level 4.5 Fire Magic
 - Level 1.0 Ice Magic
 + Level 4.7 Invocations


You had 4 spell levels left.
You knew the following spells:

 Your Spells              Type           Power        Failure   Level  Hunger
a - Corona                Hex            ######.      1%          1    None
b - Ensorcelled Hibernat  Hex/Ice        ######       1%          2    None
c - Confuse               Hex            ######..     1%          3    None
d - Tukima's Dance        Hex            ######..     1%          3    None
e - Dazzling Spray        Conj/Hex       ######       1%          3    None
f - Inner Flame           Hex/Fire       ######..     1%          3    None
g - Conjure Flame         Conj/Fire      #####...     1%          3    None
h - Fireball              Conj/Fire      #####.....   14%         5    ###....


Dungeon Overview and Level Annotations

Branches:
Dungeon (8/15)             Temple (1/1) D:7            Lair (1/6) D:8

Altars:
Cheibriados
Elyvilon
Fedhas
Hepliaklqana
Kikubaaqudgha
Nemelex Xobeh
Okawaru
Qazlal
Ru
Sif Muna
Trog
Uskayaw
Xom
Yredelemnul
Zin

Shops:
D:4 }   D:5 *   D:8 *


Message History

Aiming: Conjure Flame
Press: ? - help, Dir - move target cursor The fire roars!
The volcano roars to life, belching forth lava!
You are engulfed in roaring flames.
* * * LOW HITPOINT WARNING * * *
Okay, then.
Unknown command.
Unknown command.
Okay, then.
Unknown command.
Unknown command.
Casting: Conjure Flame
Confirm with . or Enter, or press ? or * to list all spells.
Okay, then.
Unknown command.
Unknown command.
The yaktaur is engulfed in roaring flames.
The yaktaur shoots a bolt.
The bolt hits you!
You die...

#'# ###.≈§≈≈§≈≈≈§ #(#
..#.≈≈≈≈≈≈≈≈. #.# #..≈≈§≈≈..§ #[#
#.≈§≈≈..≈≈≈ #c# #..§..§≈≈§≈ #(#
#...≈≈§§≈§§ #(# #..≈≈≈≈≈≈§≈ ≈
######c########§§≈§≈§≈§§§ §≈≈≈≈≈
........§@§§.§.§§§≈≈§§≈≈§§
≈≈≈≈≈≈≈≈≈§≈≈§≈§≈§§§§§≈§≈§≈≈≈≈≈§≈≈
≈≈§≈§§§≈≈≈≈≈§≈§≈§§§§§§§§§§≈≈§≈≈≈§
§≈≈≈≈§§≈≈≈≈≈§≈≈≈≈§§§§§§§§≈≈§§≈≈≈≈
≈§≈≈§≈§≈≈≈≈§≈≈≈≈≈§§§§§§≈§§§§§≈≈§§
≈≈§§≈≈≈§§≈§§≈§≈≈§≈§§§§§§§§§≈≈§§§≈
.≈.≈≈≈≈≈§≈§§≈≈≈§≈.§§§§≈§§§§≈≈≈≈≈≈
...≈≈≈≈≈≈≈≈§≈§≈≈..§§§§§.§≈≈§≈≈≈§≈
...§...............#.............


You could see a yaktaur.

Vanquished Creatures
  A red draconian (Volcano)
  A centaur warrior (Volcano)
  Pikel (D:4)
  A spiny frog (Lair:1)
  A kobold demonologist (D:8)
  2 yaktaurs (Volcano)
  2 komodo dragons (Lair:1)
  A troll (D:8)
  4 blink frogs (Lair:1)
  A hornet (D:8)
  Grinder (D:4)
  2 yaks
  A human (D:7)
  2 hogs (D:7)
  A steam dragon (D:8)
  A fire bat (Volcano)
  Menkaure (D:7)
  Edmund (D:5)
  2 hell hounds (Lair:1)
  Duvessa (D:5)
  2 black bears (D:8)
  2 sky beasts
  A necrophage (D:7)
  4 centaurs
  A crocodile (D:8)
  A wolf (D:8)
  5 ogres
  4 big kobolds
  Blork the orc (D:4)
  A scorpion (D:5)
  Dowan (D:5)
  4 jellies
  2 electric eels (D:8)
  3 howler monkeys
  6 lava snakes (Volcano)
  10 crimson imps
  A centaur zombie (D:5)
  A bullfrog skeleton (D:6)
  2 orc priests (D:3)
  6 hounds
  An iguana (D:4)
  6 orc wizards
  5 worker ants
  A hound skeleton (D:8)
  Robin (D:4)
  2 gnolls (D:3)
  6 adders
  9 river rats (D:6)
  A shadow imp (D:6)
  2 oozes
  An adder skeleton (D:7)
  4 worms
  A dart slug (D:2)
  3 leopard geckos
  21 orcs
  A ball python (D:2)
  6 bats
  8 giant cockroaches
  11 goblins
  12 hobgoblins
  12 quokkas
  3 frilled lizards
  10 kobolds
  18 rats
231 creatures vanquished.

Vanquished Creatures (collateral kills)
  An ogre (D:4)
  A gnoll (D:3)
2 creatures vanquished.

Vanquished Creatures (others)
  A dancing weapon (D:4)
  2 plants (Lair:1)
3 creatures vanquished.

Grand Total: 236 creatures vanquished

Notes
Turn   | Place    | Note
-------+----------+-------------------------------------------
     0 | D:1      | FitzyFitz the Deep Elf Enchanter began the quest for the Orb.
     0 | D:1      | Reached XP level 1. HP: 10/10 MP: 6/6
   346 | D:1      | Reached XP level 2. HP: 15/15 MP: 8/8
   604 | D:1      | Learned a level 2 spell: Ensorcelled Hibernation
  1137 | D:2      | Reached skill level 1 in Ice Magic
  1231 | D:2      | Found a white marble altar of Elyvilon.
  1242 | D:2      | Reached skill level 5 in Hexes
  1435 | D:2      | Reached XP level 3. HP: 19/19 MP: 4/9
  1648 | D:2      | Learned a level 3 spell: Confuse
  1652 | D:2      | Learned a level 3 spell: Tukima's Dance
  2441 | D:3      | Found a stormy altar of Qazlal.
  2447 | D:3      | Reached XP level 4. HP: 23/24 MP: 9/12
  2518 | D:3      | Found a sacrificial altar of Ru.
  2541 | D:3      | Reached skill level 6 in Hexes
  2747 | D:3      | Found a glowing silver altar of Zin.
  3024 | D:4      | Learned a level 3 spell: Dazzling Spray
  3078 | D:4      | Noticed an ogre
  3086 | D:4      | Killed an ogre
  3086 | D:4      | Reached skill level 1 in Fighting
  3086 | D:4      | Reached XP level 5. HP: 29/29 MP: 7/14
  3157 | D:4      | Noticed Blork the orc
  3158 | D:4      | Noticed an ogre
  3172 | D:4      | Killed Blork the orc
  3172 | D:4      | Reached XP level 6. HP: 34/34 MP: 3/15
  3296 | D:3      | Reached skill level 7 in Hexes
  3337 | D:3      | Found a shimmering altar of Xom.
  3363 | D:3      | Found a snail-covered altar of Cheibriados.
  3686 | D:3      | Became a worshipper of Cheibriados the Contemplative
  3739 | D:3      | Reached skill level 1 in Conjurations
  3805 | D:3      | Reached skill level 5 in Stealth
  4096 | D:3      | Reached XP level 7. HP: 37/40 MP: 13/16
  4155 | D:3      | HP: 2/40 [crimson imp/dagger of chaos (1)]
  4409 | D:4      | Noticed Grinder
  4422 | D:4      | Killed Grinder
  4422 | D:4      | Reached skill level 8 in Hexes
  4436 | D:4      | Reached * piety under Cheibriados
  4549 | D:4      | Noticed Robin
  4555 | D:4      | Killed Robin
  4575 | D:4      | Found Geqypha's Gadget Shoppe.
  4610 | D:4      | Learned a level 3 spell: Inner Flame
  4637 | D:4      | Found an iron altar of Okawaru.
  5040 | D:5      | Entered Level 5 of the Dungeon
  5040 | D:5      | Found a hide-covered altar of Uskayaw.
  5081 | D:5      | Reached XP level 8. HP: 46/46 MP: 4/17
  5171 | D:5      | Noticed a hand axe
  5172 | D:5      | Noticed a hand axe
  5229 | D:5      | Noticed Dowan
  5230 | D:5      | Noticed Duvessa
  5240 | D:5      | Killed Dowan
  5240 | D:5      | Reached skill level 1 in Fire Magic
  5498 | D:5      | Noticed Edmund
  5590 | D:5      | Killed Edmund
  5590 | D:5      | Reached ** piety under Cheibriados
  5853 | D:5      | Found Xosar's Assorted Antiques.
  5859 | D:5      | Reached skill level 5 in Spellcasting
  5872 | D:5      | Noticed Pikel
  5905 | D:4      | Killed Pikel
  5905 | D:4      | Reached skill level 9 in Hexes
  6016 | D:5      | Killed Duvessa
  6100 | D:5      | Found a sparkling altar of Nemelex Xobeh.
  6781 | D:5      | Reached XP level 9. HP: 52/52 MP: 14/19
  6861 | D:6      | Learned a level 3 spell: Conjure Flame
  7644 | D:6      | Reached skill level 5 in Dodging
  7684 | D:6      | Reached *** piety under Cheibriados
  8391 | D:7      | Noticed Menkaure
  8435 | D:7      | Killed Menkaure
  8478 | D:7      | Reached **** piety under Cheibriados
  8538 | D:7      | Reached skill level 10 in Hexes
  8538 | D:7      | Reached skill level 1 in Invocations
  8545 | D:7      | Reached XP level 10. HP: 58/58 MP: 5/22
  8700 | D:7      | Found a staircase to the Ecumenical Temple.
  8709 | Temple   | Entered the Ecumenical Temple
  9168 | D:8      | Reached skill level 5 in Fighting
  9478 | D:8      | Reached skill level 5 in Short Blades
  9554 | D:8      | Found a staircase to the Lair.
  9769 | D:8      | Found Mol Kit's Assorted Antiques.
  9803 | D:8      | Bought a scroll labeled ROMEARE BATIOSH for 18 gold pieces
  9803 | D:8      | Bought a scroll of fog for 36 gold pieces
  9803 | D:8      | Bought a scroll labeled IDDUBL TEEHA for 18 gold pieces
  9964 | D:8      | Learned a level 5 spell: Fireball
 10298 | Lair:1   | Entered Level 1 of the Lair of Beasts
 10384 | Lair:1   | Noticed a spiny frog
 10391 | Lair:1   | Killed a spiny frog
 10576 | Lair:1   | Reached ***** piety under Cheibriados
 10587 | Lair:1   | Found a dark tunnel.
 10597 | Volcano  | Entered a volcano
 10767 | Volcano  | Reached XP level 11. HP: 40/64 MP: 22/25
 10874 | Volcano  | Found a bloodstained altar of Trog.
 10874 | Volcano  | Noticed a centaur warrior
 10877 | Volcano  | Killed a centaur warrior
 10883 | Volcano  | Noticed a red draconian
 10885 | Volcano  | HP: 2/64 [red draconian/searing blast (15)]
 10894 | Volcano  | HP: 2/64 [red draconian/searing blast (29)]
 10895 | Volcano  | Killed a red draconian
 10895 | Volcano  | Reached skill level 5 in Conjurations
 10902 | Volcano  | HP: 1/65 [something (3)]
 10903 | Volcano  | Shot with a bolt by a yaktaur

Vault maps used:
D:1:      minmay_arrival_solitary_statue
D:2:      nicolae_overflow_crystal_walls, first_bread, minmay_misc_feat_five,
          kennysheep_nondescript
D:3:      led_xom_imps, nicolae_ru_great_annihilating_truth,
          nicolae_qazlal_general_emergency, overflow_temple_1_default,
          zin_scriptorium, st_stairs_12
D:4:      serial_shops, shop, okawaru_trees_2, uniq_grinder, uniq_robin,
          uniq_blork_the_orc
D:5:      dancing_weapons_uskayaw, nemelex_xobeh_ov_fountains_minmay,
          serial_shops, nicolae_shop_crystal, minmay_misc_feat_roman,
          uniq_edmund, uniq_duvessa, uniq_pikel
D:6:      lemuel_ratsnest
D:7:      grunt_livestock, uniq_menkaure
D:8:      erik_lair_island, serial_shops, nicolae_shop_overgrown_old_shop
Temple:   oiseaux_autumnal_temple
Lair:1:   enter_volcano_3, grunt_megastairs_1, serial_bayou_shore_a,
          infiniplex_staircase_pool, lemuel_fruit_tree
Volcano:  volcano_lake

Skill      XL: |  1  2  3  4  5  6  7  8  9 10 11 |
---------------+----------------------------------+-----
Ice Magic      | 1 |  1.0
Hexes          | 5 6 7 8 9 10 | 10.4
Spellcasting   | 4 5 7 8 |  8.8
Fighting       | 1 2 3 4 6 |  6.3
Stealth        | 4 5 6 7 8 |  8.5
Conjurations   | 1 2 4 5 |  5.1
Dodging        | 4 6 7 |  7.9
Fire Magic     | 1 3 4 |  4.5
Short Blades   | 3 4 5 |  5.1
Invocations    | 1 4 |  4.7

Action                   |  1- 3 |  4- 6 |  7- 9 | 10-12 || total
-------------------------+-------+-------+-------+-------++-------
Melee: Dagger            |   124 |   137 |   367 |   111 ||   739
Throw: Throwing net      |       |     2 |       |       ||     2
 Cast: Corona            |     4 |       |       |     1 ||     5
       Ensorcelled Hiber |    25 |    29 |    32 |    17 ||   103
       Confuse           |       |    16 |    35 |    12 ||    63
       Tukima's Dance    |       |     3 |       |     2 ||     5
       Dazzling Spray    |       |       |    20 |    22 ||    42
       Fireball          |       |       |       |     1 ||     1
       Conjure Flame     |       |       |       |     1 ||     1
Invok: Slouch            |       |       |       |     4 ||     4
Evoke: Wand              |       |       |       |     1 ||     1
  Use: Potion            |       |     1 |     5 |     4 ||    10
       Scroll            |       |       |     6 |     9 ||    15
 Stab: Sleeping          |    24 |    12 |    26 |    16 ||    78
       Confused          |       |     8 |    15 |     6 ||    29
       Invisible         |       |       |     4 |       ||     4
       Distracted        |       |       |     3 |       ||     3
  Eat: Chunk             |     6 |     6 |     5 |     1 ||    18
       Meat ration       |       |       |     1 |       ||     1
       Pizza             |       |       |       |     1 ||     1
Armor: Robe              |    27 |    30 |    79 |     3 ||   139
       Steam dragon scal |       |       |       |    20 ||    20
Dodge: Dodged            |    70 |    52 |   220 |    80 ||   422
